 Dungeon Crawl Stone Soup version 0.30-a0-279-g4b46babb21 (webtiles) character file.

Game seed: 16261139325984631422

232 purpskrrrp the Chopper (level 5, -2/45 HPs)
             Began as a Minotaur Fighter on Oct 16, 2022.
             Was a Follower of Fedhas.
             Slain by a gnoll
             ... wielding a +0 spear
              (3 damage)
             ... on level 3 of the Dungeon.
             The game lasted 00:02:09 (1651 turns).

purpskrrrp the Chopper (Minotaur Fighter)           Turns: 1651, Time: 00:02:10

Health: -2/45      AC:  8    Str: 22    XL:     5   Next: 73%
Magic:  4/4        EV:  9    Int:  5    God:    Fedhas [*.....]
Gold:   71         SH:  4    Dex: 10    Spells: 4/4 levels left

rFire   . . .      SeeInvis .    a - +0 war axe
rCold   . . .      Faith    .    c - +0 buckler
rNeg    . . .      Spirit   .    b - +0 scale mail
rPois   .          Reflect  .    (helmet restricted)
rElec   .          Harm     .    (no cloak)
rCorr   .          Rampage  .    n - +0 pair of gloves
Will    .....                    (no boots)
Stlth   ..........               (no amulet)
HPRegen 0.27/turn                (no ring)
MPRegen 0.09/turn                (no ring)

@: no status effects
A: horns 2, retaliatory headbutt
a: Renounce Religion


You were on level 3 of the Dungeon.
You worshipped Fedhas.
Fedhas was aware of your devotion.
You visited 1 branch of the dungeon, and saw 3 of its levels.

You collected 101 gold pieces.
You spent 30 gold pieces at shops.

Inventory:

Hand Weapons
 a - a +0 war axe (weapon)
Missiles
 j - 2 silver boomerangs (quivered)
Armour
 b - a +0 scale mail (worn)
 c - a +0 buckler (worn)
 n - a +0 pair of gloves (worn)
Scrolls
 e - 2 scrolls of enchant weapon {unknown}
 f - a scroll of poison {unknown}
 h - 2 scrolls of identify {unknown}
 i - a scroll of torment {unknown}
 k - a scroll of vulnerability {unknown}
 l - a scroll of teleportation {unknown}
Potions
 d - a potion of might
 g - a potion of invisibility {unknown}
 m - a potion of flight {unknown}


   Skills:
 - Level 3.6 Fighting
 + Level 7.3 Axes
 - Level 3.6 Armour
 - Level 3.6 Shields


You had 4 spell levels left.
You didn't know any spells.
Your spell library contained the following spells:

 Spells                   Type           Power      Damage    Failure   Level
 Stone Arrow              Conj/Erth      0%         3d7       99%         3
 Animate Armour           Summ/Erth      0%         N/A       100%        4
 Lehudib's Crystal Spear  Conj/Erth      0%         10d2      100%        8


Dungeon Overview and Level Annotations

Branches:
Dungeon (3/15)

Altars:
Fedhas

Shops:
D:2 *


Innate Abilities, Weirdness & Mutations

You have a pair of horns on your head.
You reflexively headbutt those who attack you in melee.


Message History

The gnoll hits you with a +0 spear.
* * * LOW HITPOINT WARNING * * *
You barely miss the gnoll. You hit the rat. You hit the gnoll.
The gnoll closely misses you. The gnoll hits you but does no damage.
You block the gnoll's attack. The rat bites you but does no damage.
You hit the gnoll.
The gnoll is heavily wounded.
You closely miss the gnoll. You closely miss the rat.
You block the gnoll's attack. x2; The rat closely misses you.
You hit the gnoll.
The gnoll is heavily wounded.
You slash the gnoll! You slash the rat!
You kill the rat!
Fedhas appreciates your contribution to the ecosystem.
The gnoll barely misses you. x2
You barely miss the gnoll. Your headbutt misses the gnoll.
The gnoll is lightly wounded.
You slash the gnoll!
You kill the gnoll!
Fedhas appreciates your contribution to the ecosystem.
You slash the gnoll!
You kill the gnoll!
Fedhas appreciates your contribution to the ecosystem.
You block the gnoll's attack. x2
You slash the gnoll!
You headbutt the gnoll, but do no damage.
The gnoll is severely wounded.
You hit the giant cockroach.
You kill the giant cockroach!
Fedhas appreciates your contribution to the ecosystem.
You block the gnoll's attack. The gnoll hits you but does no damage.
You closely miss the gnoll.
The gnoll is severely wounded.
The gnoll hits you with a +0 whip!
* * * LOW HITPOINT WARNING * * *
The gnoll hits you from afar with a +0 spear.
* * * LOW HITPOINT WARNING * * *
The gnoll hits you from afar with a +0 spear.
You die...
Fedhas appreciates your contribution to the ecosystem.

## #. #. . #. .
... #.#######..
....##..........
........)#....#
.......<@g....#
....#####)..!...
. .g...##
....... .....##
##.### .# $.


You could see 2 gnolls.

Vanquished Creatures
  Sigmund (D:2)
  2 gnolls (D:3)
  2 adders (D:2)
  A worm (D:2)
  2 dart slugs (D:1)
  A bat (D:2)
  3 endoplasms
  2 giant cockroaches
  3 goblins
  A hobgoblin (D:2)
  7 kobolds
  A quokka (D:1)
  2 ball pythons (D:1)
  A frilled lizard (D:1)
  5 rats
34 creatures vanquished.

Notes
Turn   | Place    | Note
-------+----------+-------------------------------------------
     0 | D:1      | purpskrrrp the Minotaur Fighter began the quest for the
                  | Orb.
     0 | D:1      | Reached XP level 1. HP: 19/19 MP: 0/0
   106 | D:1      | Reached skill level 3 in Axes
   154 | D:1      | Reached XP level 2. HP: 26/26 MP: 1/1
   492 | D:1      | Found a faded altar of an unknown god.
   506 | D:1      | Prayed at the altar of an unknown god.
   506 | D:1      | Became a worshipper of Fedhas Madash
   506 | D:1      | Reached * piety under Fedhas
   730 | D:1      | Reached skill level 4 in Axes
   840 | D:2      | Reached XP level 3. HP: 31/31 MP: 2/2
   842 | D:2      | Found Nattem's General Store.
   851 | D:2      | Bought 2 silver boomerangs for 30 gold pieces
  1451 | D:2      | Noticed Sigmund
  1461 | D:2      | Killed Sigmund
  1462 | D:2      | Reached skill level 7 in Axes
  1462 | D:2      | Reached XP level 4. HP: 21/39 MP: 3/3
  1462 | D:2      | Reached XP level 5. HP: 24/45 MP: 4/4
  1651 | D:3      | HP: 1/45 [gnoll/+0 spear (3)]
  1651 | D:3      | Slain by a gnoll

Illustrated notes

Levels and vault maps discovered:
D:1:      saegor_arrival_simple_c, layout_basic, ebering_ecumenical_altar_webs,
          minmay_misc_feat_hallway
D:2:      layout_rooms, serial_co_window_serial, co_window_paths_a,
          co_window_corner_a, co_window_corner_a, co_window_paths_a,
          co_window_paths_a, co_window_corner_a, co_window_corner_a,
          co_window_corner_b, co_window_corner_cb, co_window_corner_b,
          co_window_2corner, glass_columns_a, glass_columns_a, glass_columns_b,
          glass_columns_b, glass_columns_b, serial_shops, shop_fountains,
          uniq_sigmund
D:3:      layout_rooms, gup_sewer_entry_bowl, minmay_rat_hole, uniq_grinder

Skill      XL: |  1  2  3 |
---------------+----------+-----
Axes           | 3 4 7 |  7.3
Fighting       | |  3.6
Armour         | |  3.6
Shields        | |  3.6

Action                   |  1- 3 |  4- 6 || total
-------------------------+-------+-------++-------
Melee: War axe           |    58 |     7 ||    65
       Headbutt          |     3 |     1 ||     4
Throw: Boomerang         |     4 |     7 ||    11
Armor: Scale mail        |    23 |     6 ||    29
Dodge: Dodged            |    25 |    12 ||    37
Block: Buckler           |    10 |     8 ||    18

Table legend: (Time is in decaauts)
 A = Elapsed time spent in this place.
 B = Non-inter-level travel time spent in this place.
 C = Inter-level travel time spent in this place.
 D = Time resting spent in this place.
 E = Time spent auto-exploring this place.
 F = Levels seen in this place.
 G = Mean time per level.
                   A        B        C        D        E       F      G
               +--------+--------+--------+--------+--------+-----+--------+
         Total |   1675 |   1570 |    105 |      0 |   1289 |   3 |  558.3 |
       Dungeon |   1675 |   1570 |    105 |      0 |   1289 |   3 |  558.3 |
               +--------+--------+--------+--------+--------+-----+--------+

Top non-repeatable levels by time:
     D:1: 836 daAuts
     D:2: 822 daAuts
     D:3: 16 daAuts
